Rampage vs Eagles

Created - July 18, 2022 at 22:08

Goals
1 2 3 T
Rampage 1 0 0 1
Eagles 3 5 0 8
Shots
1 2 3 T
Rampage 12 12 10 34
Eagles 12 8 9 29

1st period

1. Eagles , Jared McCann 1 (Anthony Duclair 1, Joseph Blandisi 1) at 3:36
2. Eagles , Drake Caggiula 2 (Tomas Tatar 5) at 10:47
3. Eagles , Anthony Duclair 6 (Joseph Blandisi 2) at 11:43
4. Rampage , Jordan Kyrou 3 (Ryan Lomberg 5, T.J. Tynan 8) at 12:18

Penalties :
Connor Carrick (Col) for Tripping (Minor) at 6:22

2nd period

5. Eagles , Jared McCann 2 (Joseph Blandisi 3, Jarred Tinordi 3) at 6:46
6. Eagles , Daniel Carr 2 (Nick Cousins 9, Jonathan Marchessault 2) at 9:45 (PP)
7. Eagles , Connor Carrick 1 (Anthony Duclair 2) at 13:10 (SH)
8. Eagles , Joseph Blandisi 2 (Anthony Duclair 3, Ryan Murphy 3) at 13:58
9. Eagles , Jonathan Marchessault 8 (Nick Cousins 10, Daniel Carr 4) at 18:10 (PP)

Penalties :
T.J. Tynan (San) for Interference (Minor) at 9:39, Drake Caggiula (Col) for Hooking (Minor) at 11:38, Ryan Lomberg (San) for Interference (Minor) at 17:21

3rd period

No Goal

Penalties :
T.J. Tynan (San) for Interference (Minor) at 6:00, Nick Cousins (Col) for Slashing (Minor) at 11:40

Goalie Stats

Brandon Halverson (San), 18 saves from 22 shots - (0.818), L, 0-1-1, 48:36 minutes
Joni Ortio (San), 3 saves from 7 shots - (0.429), 11:24 minutes
Marek Mazanek (Col), 33 saves from 34 shots - (0.971), W, 6-0-0, 60:00 minutes

Players Stats for Rampage

Player Name              G  A  P  +/- PIM S  H  SB GA TA FO     MP     PP MP  PK MP  
------------------------------------------------------------------------------------
Anthony Richard          0  0  0  -1  0   0  1  0  0  0  2/4     8:18   0:00   0:52 
Charlie McAvoy           0  0  0  -1  0   2  0  3  0  0  0/0    15:47   0:00   0:00 
Collin Miller            0  0  0  -2  0   0  1  2  0  0  0/0    19:39   1:56   1:53 
Dominik Simon            0  0  0  -1  0   7  0  0  0  0  0/1    13:51   0:02   0:46 
Dylan Sikura             0  0  0  -1  0   2  2  0  0  1  0/0     7:38   0:02   0:00 
Ethan Bear               0  0  0  -2  0   0  2  2  0  0  0/0    24:34   4:01   1:01 
Jean-Sebastien Dea       0  0  0  -2  0   2  0  0  1  0  3/6    14:55   2:25   0:00 
Jordan Greenway          0  0  0  -1  0   0  1  0  0  0  1/2     8:39   0:02   1:01 
Jordan Kyrou             1  0  1  -1  0   3  0  0  1  1  0/0    14:04   0:00   0:00 
Kevan Miller             0  0  0  -2  0   0  1  1  3  0  0/0    17:49   1:56   0:00 
Martin Marincin          0  0  0  -1  0   0  0  0  0  1  0/0    17:37   0:00   1:53 
Nick Schmaltz            0  0  0  -1  0   2  4  0  0  0  0/0    20:22   3:30   0:00 
Petr Straka              0  0  0  -2  0   4  2  0  1  0  0/0    14:55   2:25   0:00 
Rourke Chartier          0  0  0  -1  0   3  3  0  3  0  15/37  20:43   3:30   0:21 
Ryan Lomberg             0  1  1  -2  2   1  1  0  0  0  0/0    16:20   2:25   0:08 
Steve Regier             0  0  0  -1  0   4  2  0  1  0  1/3    22:20   3:30   1:51 
T.J. Tynan               0  1  1  -1  4   3  0  0  0  0  2/9    14:58   0:00   0:49 
Travis Sanheim           0  0  0  -2  0   1  1  4  1  0  0/0    24:34   4:01   1:01 
Trent Frederic           0  0  0   0  0   0  0  0  0  0  0/0     0:00   0:00   0:00 

Players Stats for Eagles

Player Name              G  A  P  +/- PIM S  H  SB GA TA FO     MP     PP MP  PK MP  
------------------------------------------------------------------------------------
Anthony Duclair          1  3  4   5  0   2  0  0  0  0  0/0    16:43   0:00   0:42 
Connor Carrick           1  0  1   2  2   2  1  1  0  2  0/0    18:09   1:03   1:21 
Daniel Carr              1  1  2   0  0   3  0  0  0  0  3/7    25:06   1:57   3:37 
Drake Caggiula           1  0  1   0  2   3  2  0  0  1  7/10   17:29   0:55   0:21 
Jared McCann             2  0  2   4  0   2  1  0  2  0  3/5    11:54   0:00   0:00 
Jarred Tinordi           0  1  1   3  0   2  0  3  0  2  0/0    28:57   1:51   3:52 
John Ramage              0  0  0   2  0   1  1  0  0  1  0/0    19:12   1:03   2:05 
Jonathan Marchessault    1  1  2   0  0   2  1  1  0  0  16/28  21:05   1:57   1:35 
Jonathan Racine          0  0  0   0  0   1  2  0  0  1  0/0    11:51   0:00   0:00 
Joseph Blandisi          1  3  4   5  0   2  0  0  0  1  0/0    13:33   0:00   0:59 
Keaton Middleton         0  0  0   0  0   0  2  0  0  0  0/0     3:31   0:00   0:00 
Matteson Iacopelli       0  0  0   0  0   1  0  0  0  1  0/0    16:56   0:55   0:00 
Nick Cousins             0  2  2   0  2   4  1  0  0  0  1/1    20:59   1:56   1:00 
Ryan Murphy              0  1  1   3  0   2  0  2  1  2  0/0    25:26   1:51   3:52 
Sam Steel                0  0  0   0  0   0  0  0  0  0  0/0     1:46   0:02   0:00 
Tomas Tatar              0  1  1   0  0   2  2  0  0  0  1/2    20:23   0:55   3:40 
Tyler Motte              0  0  0   0  0   0  0  0  0  0  0/0     3:25   0:05   0:00 
Xavier Ouellet           0  0  0   0  0   0  1  2  0  0  0/0    12:53   0:00   0:44 
Zach Aston-Reese         0  0  0   0  0   0  0  0  0  0  7/9     4:42   0:00   0:00 

3 Stars

1 - Joseph Blandisi (Col)
2 - Anthony Duclair (Col)
3 - Jared McCann (Col)

Power Play

Rampage - 0 on 3 Attempt(s) - 0.00%
Eagles - 2 on 3 Attempt(s) - 66.67%

Penalty Kill

Rampage - 1 on 3 Attempt(s) - 33.33% - Score 0 goal in Penalty Kill
Eagles - 3 on 3 Attempt(s) - 100.00% - Score 1 goal in Penalty Kill

Team Stat

Rampage - Hits : 21 - Faceoff Wins : 24 - Blocked Shots : 12 - Penalty Minutes : 6
Eagles - Hits : 14 - Faceoff Wins : 38 - Blocked Shots : 9 - Penalty Minutes : 6

Official

Referees : Jacob Brenk and Corey Syvret
Linesman : Vaughan Rody and Travis Toomey

Game Notes

Joni Ortio enters game at 6:46 of 2nd period
Brandon Halverson enters game at 18:10 of 2nd period

Finance

Level 1 -- Attendance: 2000 (100.00%) -- Ticket Income $70,000
Level 2 -- Attendance: 1000 (100.00%) -- Ticket Income $15,000
Total Attendance: 3000 (100.00%)
Total Ticket Income: $85,000
Other Income: $4,250
Total Income: $89,250

Rampage

5 vs 5 Forward 
   Center                   Left Wing                Right Wing               Time % Phy DF OF 
 1 Rourke Chartier          Steve Regier             Nick Schmaltz            40     1   2  2  
 2 T.J. Tynan               Ryan Lomberg             Jordan Kyrou             30     1   2  2  
 3 Jean-Sebastien Dea       Dominik Simon            Petr Straka              20     1   2  2  
 4 Anthony Richard          Jordan Greenway          Dylan Sikura             10     1   2  2  

5 vs 5 Defense 
   Defense                  Defense                                           Time % Phy DF OF 
 1 Ethan Bear               Travis Sanheim                                    40     1   2  2  
 2 Martin Marincin          Collin Miller                                     30     1   2  2  
 3 Kevan Miller             Charlie McAvoy                                    20     1   2  2  
 4 Kevan Miller             Charlie McAvoy                                    10     1   2  2  

PowerPlay Forward 
   Center                   Left Wing                Right Wing               Time % Phy DF OF 
 1 Rourke Chartier          Steve Regier             Nick Schmaltz            60     1   2  2  
 2 Jean-Sebastien Dea       Ryan Lomberg             Petr Straka              40     1   2  2  

PowerPlay Defense
   Defense                  Defense                                           Time % Phy DF OF 
 1 Ethan Bear               Travis Sanheim                                    60     1   2  2  
 2 Kevan Miller             Collin Miller                                     40     1   2  2  

Penalty Kill 4 Players Forward 
   Center                   Wing                     Time % Phy DF OF 
 1 T.J. Tynan               Steve Regier             60     1   2  2  
 2 Rourke Chartier          Dylan Sikura             40     1   2  2  

Penalty Kill 4 Players Defense
   Defense                  Defense                  Time % Phy DF OF 
 1 Martin Marincin          Collin Miller            60     1   2  2  
 2 Travis Sanheim           Ethan Bear               40     1   2  2  

Penalty Kill - 3 Players Forward 
   Forward                                           Time % Phy DF OF 
 1 T.J. Tynan                                        60     1   2  2  
 2 Jean-Sebastien Dea                                40     1   2  2  

Penalty Kill - 3 Players Defense
   Defense                  Defense                  Time % Phy DF OF 
 1 Martin Marincin          Travis Sanheim           60     1   2  2  
 2 Collin Miller            Ethan Bear               40     1   2  2  

4 vs 4 Forward 
   Center                   Wing                     Time % Phy DF OF 
 1 Jean-Sebastien Dea       Dylan Sikura             60     1   2  2  
 2 T.J. Tynan               Ryan Lomberg             40     1   2  2  

4 vs 4 Defense
   Defense                  Defense                  Time % Phy DF OF 
 1 Charlie McAvoy           Travis Sanheim           60     1   2  2  
 2 Collin Miller            Kevan Miller             40     1   2  2  

Last Minutes Offensive
   Center                   Left Wing                Right Wing               Defense                  Defense                  
   Rourke Chartier          Ryan Lomberg             Nick Schmaltz            Ethan Bear               Travis Sanheim           

Last Minutes Defensive
   Center                   Left Wing                Right Wing               Defense                  Defense                  
   T.J. Tynan               Steve Regier             Dylan Sikura             Martin Marincin          Collin Miller            

Goaltenders
Starting : Brandon Halverson        
Backup : Joni Ortio               

Extra Forwards
Normal : Dominik Simon, Jean-Sebastien Dea, Jordan Greenway - PP : Dominik Simon, Jean-Sebastien Dea - PK : Jordan Greenway
Extra Defensemen
Normal : Ethan Bear, Kevan Miller, Collin Miller - PP : Ethan Bear - PK : Kevan Miller, Collin Miller
Penalty Shots
Jordan Kyrou, Rourke Chartier, Dylan Sikura, Jean-Sebastien Dea, Nick Schmaltz

Scratches
Adam Clendening (Healthy), Artturi Lehkonen (Healthy), Jeremy Bracco (Healthy), Roland McKeown (Healthy), Eamon McAdam (Healthy)
Emil Larmi (Healthy)

Eagles

5 vs 5 Forward 
   Center                   Left Wing                Right Wing               Time % Phy DF OF 
 1 Jonathan Marchessault    Daniel Carr              Nick Cousins             40     1   2  2  
 2 Drake Caggiula           Tomas Tatar              Matteson Iacopelli       30     1   2  2  
 3 Jared McCann             Joseph Blandisi          Anthony Duclair          20     1   2  2  
 4 Zach Aston-Reese         Anthony Duclair          Daniel Carr              10     1   2  2  

5 vs 5 Defense 
   Defense                  Defense                                           Time % Phy DF OF 
 1 Jarred Tinordi           Ryan Murphy                                       40     1   2  2  
 2 John Ramage              Connor Carrick                                    30     1   2  2  
 3 Jonathan Racine          Xavier Ouellet                                    20     1   2  2  
 4 Keaton Middleton         Jarred Tinordi                                    10     1   2  2  

PowerPlay Forward 
   Center                   Left Wing                Right Wing               Time % Phy DF OF 
 1 Jonathan Marchessault    Daniel Carr              Nick Cousins             60     1   2  2  
 2 Drake Caggiula           Tomas Tatar              Matteson Iacopelli       40     1   2  2  

PowerPlay Defense
   Defense                  Defense                                           Time % Phy DF OF 
 1 Jarred Tinordi           Ryan Murphy                                       60     1   2  2  
 2 John Ramage              Connor Carrick                                    40     1   2  2  

Penalty Kill 4 Players Forward 
   Center                   Wing                     Time % Phy DF OF 
 1 Daniel Carr              Tomas Tatar              60     1   2  2  
 2 Jonathan Marchessault    Nick Cousins             40     1   2  2  

Penalty Kill 4 Players Defense
   Defense                  Defense                  Time % Phy DF OF 
 1 Jarred Tinordi           Ryan Murphy              60     1   2  2  
 2 John Ramage              Connor Carrick           40     1   2  2  

Penalty Kill - 3 Players Forward 
   Forward                                           Time % Phy DF OF 
 1 Daniel Carr                                       60     1   2  2  
 2 Tomas Tatar                                       40     1   2  2  

Penalty Kill - 3 Players Defense
   Defense                  Defense                  Time % Phy DF OF 
 1 Jarred Tinordi           Ryan Murphy              60     1   2  2  
 2 John Ramage              Connor Carrick           40     1   2  2  

4 vs 4 Forward 
   Center                   Wing                     Time % Phy DF OF 
 1 Daniel Carr              Tomas Tatar              60     1   2  2  
 2 Jonathan Marchessault    Nick Cousins             40     1   2  2  

4 vs 4 Defense
   Defense                  Defense                  Time % Phy DF OF 
 1 Jarred Tinordi           Ryan Murphy              60     1   2  2  
 2 John Ramage              Connor Carrick           40     1   2  2  

Last Minutes Offensive
   Center                   Left Wing                Right Wing               Defense                  Defense                  
   Jonathan Marchessault    Daniel Carr              Nick Cousins             Jarred Tinordi           Ryan Murphy              

Last Minutes Defensive
   Center                   Left Wing                Right Wing               Defense                  Defense                  
   Jonathan Marchessault    Daniel Carr              Nick Cousins             Jarred Tinordi           Ryan Murphy              

Goaltenders
Starting : Marek Mazanek            
Backup : Adin Hill                

Extra Forwards
Normal : Tyler Motte, Sam Steel, Joseph Blandisi - PP : Tyler Motte, Sam Steel - PK : Joseph Blandisi
Extra Defensemen
Normal : Jonathan Racine, Xavier Ouellet, Keaton Middleton - PP : Jonathan Racine - PK : Xavier Ouellet, Keaton Middleton
Penalty Shots
Daniel Carr, Tomas Tatar, Jonathan Marchessault, Nick Cousins, Joseph Blandisi

Scratches
Chris Calhan (Healthy), Dominik Kubalik (Healthy), Mark Friedman (Healthy), Michael Dal Colle (Healthy), Stefan Elliott (Sprained Left Finger Injury)
Pius Suter (Healthy), Max Lajoie (Healthy), Pascal Laberge (Healthy), Antoine Bibeau (Healthy)

% Time on Ice - Rampage

Lines # - Real PCT - Wanted PCT - Time Play
Normal Forward
1 - 34% - 40% - 17:16
2 - 28% - 30% - 14:16
3 - 24% - 20% - 12:18
4 - 14% - 10% - 7:19
Normal Defense
1 - 38% - 40% - 19:31
2 - 31% - 30% - 15:51
3 - 20% - 20% - 10:26
4 - 10% - 10% - 5:21
PP Forward
1 - 59% - 60% - 3:32
2 - 41% - 40% - 2:25
PP Defense
1 - 68% - 60% - 4:01
2 - 32% - 40% - 1:56
PK Forward
1 - 100% - 60% - 2:54
2 - 0% - 40% - 0:00
PK Defense
1 - 65% - 60% - 1:53
2 - 35% - 40% - 1:01
PK3 Forward
1 - 0% - 60%
2 - 0% - 40%
PK3 Defense
1 - 0% - 60%
2 - 0% - 40%
44 Forward
1 - 0% - 60%
2 - 0% - 40%
44 Defense
1 - 0% - 60%
2 - 0% - 40%
Last Minute Offensive  - 0:00
Last Minute Defensive  - 0:00
Total
Forward - 60:00
Defense - 60:00

% Time on Ice - Eagles

Lines # - Real PCT - Wanted PCT - Time Play
Normal Forward
1 - 36% - 40% - 18:32
2 - 31% - 30% - 16:01
3 - 23% - 20% - 11:54
4 - 9% - 10% - 4:42
Normal Defense
1 - 39% - 40% - 19:43
2 - 31% - 30% - 16:04
3 - 23% - 20% - 11:51
4 - 7% - 10% - 3:31
PP Forward
1 - 68% - 60% - 1:59
2 - 32% - 40% - 0:55
PP Defense
1 - 64% - 60% - 1:51
2 - 36% - 40% - 1:03
PK Forward
1 - 73% - 60% - 4:22
2 - 27% - 40% - 1:35
PK Defense
1 - 65% - 60% - 3:52
2 - 35% - 40% - 2:05
PK3 Forward
1 - 0% - 60%
2 - 0% - 40%
PK3 Defense
1 - 0% - 60%
2 - 0% - 40%
44 Forward
1 - 0% - 60%
2 - 0% - 40%
44 Defense
1 - 0% - 60%
2 - 0% - 40%
Last Minute Offensive  - 0:00
Last Minute Defensive  - 0:00
Total
Forward - 60:00
Defense - 60:00

Play-by-Play

1st period


0:01 of 1st period - Rourke Chartier wins face-off versus Jonathan Marchessault in neutral zone.
0:04 of 1st period - Daniel Carr is hit by Nick Schmaltz and loses puck.
0:55 of 1st period - Slapshot by Dominik Simon.
0:55 of 1st period - Stopped by Marek Mazanek without a rebound.
0:56 of 1st period - Zach Aston-Reese wins face-off versus Anthony Richard in Eagles zone.
0:58 of 1st period - Icing by Daniel Carr.
0:59 of 1st period - Zach Aston-Reese wins face-off versus Anthony Richard in Eagles zone.
1:32 of 1st period - Wrist shot by T.J. Tynan.
1:32 of 1st period - Shot Blocked by Xavier Ouellet.
1:34 of 1st period - Wrist shot by Jordan Kyrou.
1:34 of 1st period - Shot Misses the Net.
1:36 of 1st period - Slapshot by Kevan Miller.
1:36 of 1st period - Shot Blocked by Xavier Ouellet.
3:09 of 1st period - Jonathan Marchessault is hit by Petr Straka and loses puck.
3:34 of 1st period - Slapshot by Anthony Duclair.
3:34 of 1st period - Shot Misses the Net.
3:36 of 1st period - Wrist shot by Jared McCann.
3:36 of 1st period - Goal by Jared McCann - Rampage : 0 - Eagles : 1.
3:37 of 1st period - Jonathan Marchessault wins face-off versus Rourke Chartier in neutral zone.
3:42 of 1st period - John Ramage is hit by Rourke Chartier and loses puck.
4:08 of 1st period - Slapshot by Tomas Tatar.
4:08 of 1st period - Shot Misses the Net.
5:08 of 1st period - Slapshot by Dominik Simon.
5:08 of 1st period - Stopped by Marek Mazanek without a rebound.
5:09 of 1st period - Drake Caggiula wins face-off versus Rourke Chartier in Eagles zone.
5:09 of 1st period - Drake Caggiula is hit by Rourke Chartier.
5:19 of 1st period - Wrist shot by Tomas Tatar.
5:19 of 1st period - Stopped by Brandon Halverson without a rebound.
5:20 of 1st period - Jonathan Marchessault wins face-off versus Rourke Chartier in Rampage zone.
5:23 of 1st period - Slapshot by Nick Cousins.
5:23 of 1st period - Stopped by Brandon Halverson with a rebound.
5:55 of 1st period - Snap shot by Drake Caggiula.
5:55 of 1st period - Stopped by Brandon Halverson with a rebound.
6:11 of 1st period - Slapshot by Dylan Sikura.
6:11 of 1st period - Stopped by Marek Mazanek with a rebound.
6:13 of 1st period - Slapshot by Collin Miller.
6:13 of 1st period - Shot Blocked by Connor Carrick.
6:15 of 1st period - Slapshot by Dylan Sikura.
6:15 of 1st period - Stopped by Marek Mazanek without a rebound.
6:16 of 1st period - Rourke Chartier wins face-off versus Jonathan Marchessault in Eagles zone.
6:22 of 1st period - Minor Penalty to Connor Carrick for Tripping.
6:23 of 1st period - Rourke Chartier wins face-off versus Daniel Carr in Eagles zone.
6:30 of 1st period - Wrist shot by Steve Regier.
6:30 of 1st period - Shot Misses the Net.
6:32 of 1st period - Slapshot by Steve Regier.
6:32 of 1st period - Stopped by Marek Mazanek with a rebound.
7:00 of 1st period - Jonathan Marchessault is hit by Steve Regier and loses puck.
7:15 of 1st period - Wrist shot by Steve Regier.
7:15 of 1st period - Deflect By Nick Cousins.
7:15 of 1st period - Stopped by Marek Mazanek without a rebound.
7:16 of 1st period - Daniel Carr wins face-off versus Jean-Sebastien Dea in Eagles zone.
7:51 of 1st period - Snap shot by Nick Cousins.
7:51 of 1st period - Shot Blocked by Collin Miller.
8:22 of 1st period - Penalty to Connor Carrick is over, Connor Carrick is back on ice.
8:27 of 1st period - Slapshot by Joseph Blandisi.
8:27 of 1st period - Shot Misses the Net.
8:46 of 1st period - Snap shot by Tomas Tatar.
8:46 of 1st period - Shot Blocked by Travis Sanheim.
9:30 of 1st period - Icing by Collin Miller.
9:31 of 1st period - Drake Caggiula wins face-off versus Rourke Chartier in Rampage zone.
10:43 of 1st period - Off-side.
10:44 of 1st period - Drake Caggiula wins face-off versus Rourke Chartier in neutral zone.
10:47 of 1st period - Snap shot by Drake Caggiula.
10:47 of 1st period - Goal by Drake Caggiula - Rampage : 0 - Eagles : 2.
10:48 of 1st period - Jonathan Marchessault wins face-off versus Rourke Chartier in neutral zone.
10:56 of 1st period - Wrist shot by Jonathan Marchessault.
10:56 of 1st period - Shot Misses the Net.
11:37 of 1st period - Dominik Simon is hit by Xavier Ouellet.
11:41 of 1st period - Snap shot by Anthony Duclair.
11:41 of 1st period - Stopped by Brandon Halverson with a rebound.
11:43 of 1st period - Wrist shot by Anthony Duclair.
11:43 of 1st period - Goal by Anthony Duclair - Rampage : 0 - Eagles : 3.
11:44 of 1st period - Rourke Chartier wins face-off versus Jonathan Marchessault in neutral zone.
11:59 of 1st period - Wrist shot by Steve Regier.
11:59 of 1st period - Stopped by Marek Mazanek with a rebound.
12:18 of 1st period - Wrist shot by Jordan Kyrou.
12:18 of 1st period - Goal by Jordan Kyrou - Rampage : 1 - Eagles : 3.
12:19 of 1st period - Jonathan Marchessault wins face-off versus Rourke Chartier in neutral zone.
12:29 of 1st period - Slapshot by Nick Schmaltz.
12:29 of 1st period - Deflect By Rourke Chartier.
12:29 of 1st period - Shot Blocked by Jarred Tinordi.
12:29 of 1st period - Puck is out of play.
12:30 of 1st period - Jonathan Marchessault wins face-off versus Rourke Chartier in Eagles zone.
12:37 of 1st period - Slapshot by Rourke Chartier.
12:37 of 1st period - Stopped by Marek Mazanek with a rebound.
12:39 of 1st period - Slapshot by Travis Sanheim.
12:39 of 1st period - Shot Blocked by Jonathan Marchessault.
12:41 of 1st period - Wrist shot by Rourke Chartier.
12:41 of 1st period - Stopped by Marek Mazanek without a rebound.
12:42 of 1st period - Steve Regier wins face-off versus Jonathan Marchessault in Eagles zone.
12:58 of 1st period - Off-side.
12:59 of 1st period - Drake Caggiula wins face-off versus T.J. Tynan in neutral zone.
13:04 of 1st period - Snap shot by Tomas Tatar.
13:04 of 1st period - Stopped by Brandon Halverson with a rebound.
13:25 of 1st period - Jarred Tinordi is hit by Nick Schmaltz.
13:53 of 1st period - Anthony Duclair is hit by Petr Straka and loses puck.
15:05 of 1st period - Dominik Simon is hit by Jared McCann and loses puck.
15:18 of 1st period - Connor Carrick is hit by Jordan Greenway and loses puck.
15:46 of 1st period - Slapshot by Daniel Carr.
15:46 of 1st period - Stopped by Brandon Halverson with a rebound.
15:48 of 1st period - Wrist shot by Connor Carrick.
15:48 of 1st period - Shot Blocked by Charlie McAvoy.
15:50 of 1st period - Snap shot by Jonathan Marchessault.
15:50 of 1st period - Shot Hit the Post.
15:52 of 1st period - Snap shot by Connor Carrick.
15:52 of 1st period - Deflect By Rourke Chartier.
15:52 of 1st period - Stopped by Brandon Halverson with a rebound.
15:54 of 1st period - Slapshot by John Ramage.
15:54 of 1st period - Stopped by Brandon Halverson without a rebound.
15:55 of 1st period - Drake Caggiula wins face-off versus T.J. Tynan in Rampage zone.
16:04 of 1st period - Snap shot by Drake Caggiula.
16:04 of 1st period - Shot Misses the Net.
16:06 of 1st period - Snap shot by Tomas Tatar.
16:06 of 1st period - Shot Misses the Net.
16:08 of 1st period - Wrist shot by Drake Caggiula.
16:08 of 1st period - Shot Blocked by Ethan Bear.
16:20 of 1st period - Joseph Blandisi is hit by Nick Schmaltz and loses puck.
17:07 of 1st period - Snap shot by T.J. Tynan.
17:07 of 1st period - Shot Misses the Net.
17:09 of 1st period - Snap shot by Jordan Kyrou.
17:09 of 1st period - Shot Misses the Net.
17:11 of 1st period - Snap shot by Ryan Lomberg.
17:11 of 1st period - Stopped by Marek Mazanek without a rebound.
17:12 of 1st period - Rourke Chartier wins face-off versus Jonathan Marchessault in Eagles zone.
17:13 of 1st period - Slapshot by Travis Sanheim.
17:13 of 1st period - Deflect By Nick Schmaltz.
17:13 of 1st period - Stopped by Marek Mazanek with a rebound.
18:02 of 1st period - Slapshot by Nick Cousins.
18:02 of 1st period - Shot Misses the Net.
18:04 of 1st period - Wrist shot by Jarred Tinordi.
18:04 of 1st period - Deflect By Travis Sanheim.
18:04 of 1st period - Stopped by Brandon Halverson with a rebound.
18:06 of 1st period - Slapshot by Jarred Tinordi.
18:06 of 1st period - Shot Misses the Net.
18:08 of 1st period - Slapshot by Jarred Tinordi.
18:08 of 1st period - Shot Misses the Net.
18:10 of 1st period - Slapshot by Jarred Tinordi.
18:10 of 1st period - Deflect By Nick Cousins.
18:10 of 1st period - Shot Misses the Net.
18:10 of 1st period - Puck is out of play.
18:11 of 1st period - Zach Aston-Reese wins face-off versus Rourke Chartier in Rampage zone.
18:12 of 1st period - Wrist shot by Anthony Duclair.
18:12 of 1st period - Shot Blocked by Kevan Miller.
18:14 of 1st period - Backhand shot by Jarred Tinordi.
18:14 of 1st period - Shot Misses the Net.
18:16 of 1st period - Slapshot by Zach Aston-Reese.
18:16 of 1st period - Shot Misses the Net.
19:11 of 1st period - Wrist shot by Dominik Simon.
19:11 of 1st period - Deflect By Anthony Duclair.
19:11 of 1st period - Shot Misses the Net.
19:11 of 1st period - Puck is out of play.
19:12 of 1st period - Drake Caggiula wins face-off versus Rourke Chartier in Eagles zone.
Goals for this period are 1 for Rampage vs 3 for Eagles.
Shots for this period are 12 for Rampage vs 12 for Eagles.

2nd period


0:01 of 2nd period - Daniel Carr wins face-off versus Rourke Chartier in neutral zone.
0:08 of 2nd period - Wrist shot by Rourke Chartier.
0:08 of 2nd period - Deflect By Nick Schmaltz.
0:08 of 2nd period - Shot Misses the Net.
0:08 of 2nd period - Puck is out of play.
0:09 of 2nd period - Jonathan Marchessault wins face-off versus Rourke Chartier in Eagles zone.
0:13 of 2nd period - Off-side.
0:14 of 2nd period - Jonathan Marchessault wins face-off versus Steve Regier in neutral zone.
0:46 of 2nd period - Snap shot by Petr Straka.
0:46 of 2nd period - Stopped by Marek Mazanek without a rebound.
0:47 of 2nd period - T.J. Tynan wins face-off versus Drake Caggiula in Eagles zone.
0:58 of 2nd period - Snap shot by Tomas Tatar.
0:58 of 2nd period - Shot Misses the Net.
2:11 of 2nd period - Snap shot by Dominik Simon.
2:11 of 2nd period - Stopped by Marek Mazanek with a rebound.
2:13 of 2nd period - Slapshot by Dominik Simon.
2:13 of 2nd period - Shot Misses the Net.
2:42 of 2nd period - Slapshot by Charlie McAvoy.
2:42 of 2nd period - Deflect By Ryan Murphy.
2:42 of 2nd period - Stopped by Marek Mazanek with a rebound.
2:48 of 2nd period - Wrist shot by Petr Straka.
2:48 of 2nd period - Stopped by Marek Mazanek with a rebound.
2:50 of 2nd period - Slapshot by Charlie McAvoy.
2:50 of 2nd period - Stopped by Marek Mazanek without a rebound.
2:51 of 2nd period - Rourke Chartier wins face-off versus Jonathan Marchessault in Eagles zone.
3:58 of 2nd period - Anthony Duclair is hit by Ethan Bear and loses puck.
5:27 of 2nd period - Connor Carrick is hit by Anthony Richard and loses puck.
6:11 of 2nd period - Jarred Tinordi is hit by Dylan Sikura and loses puck.
6:21 of 2nd period - Icing by Dylan Sikura.
6:22 of 2nd period - Anthony Richard wins face-off versus Jonathan Marchessault in Rampage zone.
6:38 of 2nd period - Off-side.
6:39 of 2nd period - Jared McCann wins face-off versus T.J. Tynan in neutral zone.
6:44 of 2nd period - Snap shot by Joseph Blandisi.
6:44 of 2nd period - Shot Misses the Net.
6:46 of 2nd period - Wrist shot by Jared McCann.
6:46 of 2nd period - Goal by Jared McCann - Rampage : 1 - Eagles : 4.
6:46 of 2nd period - Joni Ortio enters game.
6:47 of 2nd period - Jonathan Marchessault wins face-off versus Rourke Chartier in neutral zone.
6:56 of 2nd period - Wrist shot by Nick Cousins.
6:56 of 2nd period - Stopped by Joni Ortio without a rebound.
6:57 of 2nd period - Jonathan Marchessault wins face-off versus Steve Regier in Rampage zone.
6:58 of 2nd period - Snap shot by Nick Cousins.
6:58 of 2nd period - Deflect By Jonathan Marchessault.
6:58 of 2nd period - Shot Blocked by Charlie McAvoy.
6:58 of 2nd period - Puck is out of play.
6:59 of 2nd period - Daniel Carr wins face-off versus Rourke Chartier in Rampage zone.
7:08 of 2nd period - Slapshot by Jonathan Marchessault.
7:08 of 2nd period - Shot Blocked by Travis Sanheim.
7:57 of 2nd period - Slapshot by Ryan Murphy.
7:57 of 2nd period - Stopped by Joni Ortio without a rebound.
7:58 of 2nd period - Jonathan Marchessault wins face-off versus Rourke Chartier in Rampage zone.
8:09 of 2nd period - Collin Miller is hit by Nick Cousins and loses puck.
8:54 of 2nd period - Snap shot by T.J. Tynan.
8:54 of 2nd period - Stopped by Marek Mazanek with a rebound.
8:56 of 2nd period - Snap shot by Jordan Kyrou.
8:56 of 2nd period - Stopped by Marek Mazanek without a rebound.
8:57 of 2nd period - Jonathan Marchessault wins face-off versus Rourke Chartier in Eagles zone.
9:22 of 2nd period - Jordan Kyrou is hit by Keaton Middleton and loses puck.
9:33 of 2nd period - Wrist shot by Tomas Tatar.
9:33 of 2nd period - Shot Blocked by Charlie McAvoy.
9:39 of 2nd period - Minor Penalty to T.J. Tynan for Interference.
9:40 of 2nd period - Nick Cousins wins face-off versus Jordan Greenway in Rampage zone.
9:45 of 2nd period - Slapshot by Daniel Carr.
9:45 of 2nd period - Goal by Daniel Carr - Rampage : 1 - Eagles : 5.
9:46 of 2nd period - Rourke Chartier wins face-off versus Zach Aston-Reese in neutral zone.
9:49 of 2nd period - Ryan Murphy is hit by Rourke Chartier and loses puck.
9:53 of 2nd period - Icing by Jarred Tinordi.
9:54 of 2nd period - Rourke Chartier wins face-off versus Zach Aston-Reese in Eagles zone.
10:31 of 2nd period - Snap shot by Jordan Kyrou.
10:31 of 2nd period - Shot Blocked by Ryan Murphy.
10:45 of 2nd period - Snap shot by Daniel Carr.
10:45 of 2nd period - Stopped by Joni Ortio with a rebound.
10:47 of 2nd period - Wrist shot by Jonathan Marchessault.
10:47 of 2nd period - Shot Blocked by Collin Miller.
10:49 of 2nd period - Wrist shot by Nick Cousins.
10:49 of 2nd period - Shot Misses the Net.
10:51 of 2nd period - Wrist shot by Nick Cousins.
10:51 of 2nd period - Shot Misses the Net.
11:06 of 2nd period - Wrist shot by Dominik Simon.
11:06 of 2nd period - Shot Misses the Net.
11:08 of 2nd period - Snap shot by Jean-Sebastien Dea.
11:08 of 2nd period - Shot Misses the Net.
11:10 of 2nd period - Snap shot by Petr Straka.
11:10 of 2nd period - Shot Misses the Net.
11:12 of 2nd period - Slapshot by Collin Miller.
11:12 of 2nd period - Deflect By Dominik Simon.
11:12 of 2nd period - Stopped by Marek Mazanek without a rebound.
11:13 of 2nd period - Rourke Chartier wins face-off versus Drake Caggiula in Eagles zone.
11:13 of 2nd period - Rourke Chartier is hit by Connor Carrick.
11:31 of 2nd period - Tomas Tatar is hit by Nick Schmaltz and loses puck.
11:38 of 2nd period - Minor Penalty to Drake Caggiula for Hooking.
11:39 of 2nd period - Rourke Chartier wins face-off versus Daniel Carr in Eagles zone.
11:53 of 2nd period - Icing by Nick Schmaltz.
11:54 of 2nd period - Rourke Chartier wins face-off versus Daniel Carr in Rampage zone.
11:58 of 2nd period - Off-side.
11:59 of 2nd period - Tomas Tatar wins face-off versus Rourke Chartier in neutral zone.
13:10 of 2nd period - Slapshot by Connor Carrick.
13:10 of 2nd period - Goal by Connor Carrick - Rampage : 1 - Eagles : 6.
13:11 of 2nd period - Rourke Chartier wins face-off versus Tomas Tatar in neutral zone.
13:14 of 2nd period - Snap shot by Nick Schmaltz.
13:14 of 2nd period - Deflect By Tomas Tatar.
13:14 of 2nd period - Stopped by Marek Mazanek with a rebound.
13:38 of 2nd period - Penalty to Drake Caggiula is over, Drake Caggiula is back on ice.
13:42 of 2nd period - Slapshot by Travis Sanheim.
13:42 of 2nd period - Shot Hit the Post.
13:44 of 2nd period - Wrist shot by Petr Straka.
13:44 of 2nd period - Shot Misses the Net.
13:46 of 2nd period - Slapshot by Petr Straka.
13:46 of 2nd period - Stopped by Marek Mazanek with a rebound.
13:58 of 2nd period - Wrist shot by Joseph Blandisi.
13:58 of 2nd period - Goal by Joseph Blandisi - Rampage : 1 - Eagles : 7.
13:59 of 2nd period - Jared McCann wins face-off versus Rourke Chartier in neutral zone.
14:13 of 2nd period - Slapshot by Jared McCann.
14:13 of 2nd period - Shot Blocked by Ethan Bear.
14:15 of 2nd period - Slapshot by Connor Carrick.
14:15 of 2nd period - Shot Misses the Net.
14:37 of 2nd period - Snap shot by Ryan Lomberg.
14:37 of 2nd period - Shot Misses the Net.
15:44 of 2nd period - Icing by Jarred Tinordi.
15:45 of 2nd period - Zach Aston-Reese wins face-off versus T.J. Tynan in Eagles zone.
15:45 of 2nd period - Zach Aston-Reese is hit by Ryan Lomberg.
15:50 of 2nd period - Ryan Murphy is hit by Ethan Bear and loses puck.
15:57 of 2nd period - Snap shot by Daniel Carr.
15:57 of 2nd period - Shot Blocked by Travis Sanheim.
17:15 of 2nd period - Backhand shot by Collin Miller.
17:15 of 2nd period - Deflect By Ryan Lomberg.
17:15 of 2nd period - Shot Misses the Net.
17:15 of 2nd period - Puck is out of play.
17:16 of 2nd period - Zach Aston-Reese wins face-off versus T.J. Tynan in Eagles zone.
17:16 of 2nd period - Zach Aston-Reese is hit by Kevan Miller.
17:21 of 2nd period - Minor Penalty to Ryan Lomberg for Interference.
17:22 of 2nd period - T.J. Tynan wins face-off versus Jonathan Marchessault in Rampage zone.
17:39 of 2nd period - Nick Cousins is hit by Collin Miller and loses puck.
18:10 of 2nd period - Snap shot by Jonathan Marchessault.
18:10 of 2nd period - Goal by Jonathan Marchessault - Rampage : 1 - Eagles : 8.
18:10 of 2nd period - Brandon Halverson enters game.
18:11 of 2nd period - Drake Caggiula wins face-off versus Jean-Sebastien Dea in neutral zone.
18:21 of 2nd period - Slapshot by Travis Sanheim.
18:21 of 2nd period - Deflect By Dominik Simon.
18:21 of 2nd period - Stopped by Marek Mazanek without a rebound.
18:22 of 2nd period - Jonathan Marchessault wins face-off versus Rourke Chartier in Eagles zone.
18:37 of 2nd period - Snap shot by Nick Cousins.
18:37 of 2nd period - Shot Blocked by Travis Sanheim.
19:11 of 2nd period - Snap shot by Dominik Simon.
19:11 of 2nd period - Stopped by Marek Mazanek without a rebound.
19:12 of 2nd period - Jean-Sebastien Dea wins face-off versus Jonathan Marchessault in Eagles zone.
19:13 of 2nd period - Wrist shot by Dominik Simon.
19:13 of 2nd period - Shot Blocked by Ryan Murphy.
Goals for this period are 0 for Rampage vs 5 for Eagles.
Shots for this period are 12 for Rampage vs 8 for Eagles.

3rd period


0:01 of 3rd period - Jonathan Marchessault wins face-off versus Rourke Chartier in neutral zone.
0:04 of 3rd period - Ethan Bear is hit by Keaton Middleton and loses puck.
0:26 of 3rd period - Ryan Lomberg is hit by Drake Caggiula and loses puck.
0:33 of 3rd period - Martin Marincin is hit by Tomas Tatar and loses puck.
0:59 of 3rd period - Snap shot by Joseph Blandisi.
0:59 of 3rd period - Stopped by Brandon Halverson with a rebound.
1:43 of 3rd period - Wrist shot by Steve Regier.
1:43 of 3rd period - Stopped by Marek Mazanek without a rebound.
1:44 of 3rd period - Zach Aston-Reese wins face-off versus T.J. Tynan in Eagles zone.
1:54 of 3rd period - Slapshot by T.J. Tynan.
1:54 of 3rd period - Shot Misses the Net.
1:56 of 3rd period - Slapshot by T.J. Tynan.
1:56 of 3rd period - Deflect By Anthony Duclair.
1:56 of 3rd period - Stopped by Marek Mazanek with a rebound.
1:58 of 3rd period - Snap shot by Jordan Kyrou.
1:58 of 3rd period - Shot Blocked by Jarred Tinordi.
2:00 of 3rd period - Slapshot by Jordan Kyrou.
2:00 of 3rd period - Shot Misses the Net.
3:11 of 3rd period - Snap shot by Tomas Tatar.
3:11 of 3rd period - Shot Misses the Net.
3:51 of 3rd period - Icing by Jean-Sebastien Dea.
3:52 of 3rd period - Anthony Richard wins face-off versus Jared McCann in Rampage zone.
4:17 of 3rd period - Ethan Bear is hit by Jonathan Racine and loses puck.
5:21 of 3rd period - Snap shot by Nick Cousins.
5:21 of 3rd period - Stopped by Brandon Halverson without a rebound.
5:22 of 3rd period - Jonathan Marchessault wins face-off versus Rourke Chartier in Rampage zone.
5:23 of 3rd period - Snap shot by Nick Cousins.
5:23 of 3rd period - Stopped by Brandon Halverson with a rebound.
5:45 of 3rd period - T.J. Tynan is hit by Jonathan Racine and loses puck.
5:52 of 3rd period - Snap shot by Tomas Tatar.
5:52 of 3rd period - Shot Misses the Net.
5:54 of 3rd period - Slapshot by Jarred Tinordi.
5:54 of 3rd period - Stopped by Brandon Halverson with a rebound.
6:00 of 3rd period - Minor Penalty to T.J. Tynan for Interference.
6:01 of 3rd period - Jordan Greenway wins face-off versus Jonathan Marchessault in Rampage zone.
6:26 of 3rd period - Anthony Richard is hit by Drake Caggiula and loses puck.
8:00 of 3rd period - Penalty to T.J. Tynan is over, T.J. Tynan is back on ice.
8:21 of 3rd period - Slapshot by Jared McCann.
8:21 of 3rd period - Shot Misses the Net.
8:57 of 3rd period - Icing by Zach Aston-Reese.
8:58 of 3rd period - Zach Aston-Reese wins face-off versus T.J. Tynan in Eagles zone.
9:17 of 3rd period - Wrist shot by Drake Caggiula.
9:17 of 3rd period - Shot Misses the Net.
9:25 of 3rd period - Slapshot by Drake Caggiula.
9:25 of 3rd period - Stopped by Brandon Halverson without a rebound.
9:26 of 3rd period - Jonathan Marchessault wins face-off versus Rourke Chartier in Rampage zone.
10:00 of 3rd period - Snap shot by Matteson Iacopelli.
10:00 of 3rd period - Stopped by Brandon Halverson with a rebound.
10:12 of 3rd period - Slapshot by Ryan Murphy.
10:12 of 3rd period - Stopped by Brandon Halverson without a rebound.
10:13 of 3rd period - Jared McCann wins face-off versus Jean-Sebastien Dea in Rampage zone.
10:40 of 3rd period - Jonathan Marchessault is hit by Travis Sanheim and loses puck.
10:49 of 3rd period - Nick Cousins is hit by Steve Regier and loses puck.
11:12 of 3rd period - Backhand shot by Travis Sanheim.
11:12 of 3rd period - Stopped by Marek Mazanek with a rebound.
11:16 of 3rd period - Snap shot by Jordan Kyrou.
11:16 of 3rd period - Stopped by Marek Mazanek without a rebound.
11:17 of 3rd period - Jean-Sebastien Dea wins face-off versus Jared McCann in Eagles zone.
11:26 of 3rd period - Snap shot by Petr Straka.
11:26 of 3rd period - Deflect By Jean-Sebastien Dea.
11:26 of 3rd period - Stopped by Marek Mazanek with a rebound.
11:28 of 3rd period - Slapshot by Collin Miller.
11:28 of 3rd period - Deflect By Dominik Simon.
11:28 of 3rd period - Stopped by Marek Mazanek without a rebound.
11:29 of 3rd period - Rourke Chartier wins face-off versus Jonathan Marchessault in Eagles zone.
11:38 of 3rd period - Backhand shot by Rourke Chartier.
11:38 of 3rd period - Stopped by Marek Mazanek with a rebound.
11:40 of 3rd period - Minor Penalty to Nick Cousins for Slashing.
11:41 of 3rd period - Rourke Chartier wins face-off versus Daniel Carr in Eagles zone.
11:54 of 3rd period - Snap shot by Ethan Bear.
11:54 of 3rd period - Shot Misses the Net.
13:16 of 3rd period - Travis Sanheim is hit by Jonathan Marchessault and loses puck.
13:40 of 3rd period - Penalty to Nick Cousins is over, Nick Cousins is back on ice.
13:45 of 3rd period - Joseph Blandisi is hit by Dylan Sikura.
15:38 of 3rd period - Wrist shot by T.J. Tynan.
15:38 of 3rd period - Deflect By Connor Carrick.
15:38 of 3rd period - Stopped by Marek Mazanek with a rebound.
16:00 of 3rd period - Snap shot by Jonathan Marchessault.
16:00 of 3rd period - Stopped by Brandon Halverson without a rebound.
16:01 of 3rd period - Jonathan Marchessault wins face-off versus Dominik Simon in Rampage zone.
16:02 of 3rd period - Snap shot by Nick Cousins.
16:02 of 3rd period - Shot Misses the Net.
16:04 of 3rd period - Slapshot by Jonathan Racine.
16:04 of 3rd period - Stopped by Brandon Halverson without a rebound.
16:05 of 3rd period - Jean-Sebastien Dea wins face-off versus Jonathan Marchessault in Rampage zone.
16:26 of 3rd period - Wrist shot by Dominik Simon.
16:26 of 3rd period - Shot Misses the Net.
16:32 of 3rd period - Wrist shot by Dominik Simon.
16:32 of 3rd period - Deflect By Petr Straka.
16:32 of 3rd period - Stopped by Marek Mazanek with a rebound.
16:34 of 3rd period - Snap shot by Charlie McAvoy.
16:34 of 3rd period - Shot Blocked by Jarred Tinordi.
16:36 of 3rd period - Snap shot by Jean-Sebastien Dea.
16:36 of 3rd period - Stopped by Marek Mazanek with a rebound.
17:21 of 3rd period - Off-side.
17:22 of 3rd period - Rourke Chartier wins face-off versus Drake Caggiula in neutral zone.
19:15 of 3rd period - Charlie McAvoy is hit by John Ramage and loses puck.
19:26 of 3rd period - Ryan Lomberg is hit by Tomas Tatar and loses puck.
Goals for this period are 0 for Rampage vs 0 for Eagles.
Shots for this period are 10 for Rampage vs 9 for Eagles.